 Dungeon Crawl Stone Soup version 0.20-a0-751-g905781e (webtiles) character file.

15407 lightmor the Thaumaturge (level 12, -6/118 HPs)
             Began as an Octopode Fire Elementalist on Feb 25, 2017.
             Was a Believer of Vehumet.
             Killed from afar by a hell hound (20 damage)
             ... with a blast of flame
             ... on level 1 of the Lair of Beasts.
             The game lasted 00:56:38 (13461 turns).

lightmor the Thaumaturge (OpFE)                    Turns: 13461, Time: 00:56:39

Health: -6/118     AC: 28    Str:  8    XL:     12   Next: 26%
Magic:  45/45      EV:  2    Int: 21    God:    Vehumet [**....]
Gold:   333        SH:  0    Dex: 17    Spells: 14/34 levels left

rFire    . . .     SeeInvis .   a - +12 flail of Sloth {drain, *Drain rElec rC+ Dex+4}
rCold    + . .     Gourm    .   (no shield)
rNeg     + + +     Faith    .   (helmet currently unavailable)
rPois    +         Spirit   .   o - amulet of magic regeneration
rElec    +         Reflect  .   r - +2 ring of protection
rCorr    +         Harm     .   y - ring of resist corrosion
MR       .....     NoTele   +   g - ring of loudness (curse)
Stlth    +.........             j - ring of teleportation (curse)
Regen    0.3/turn               v - ring of magical power
MPRegen  0.5/turn               z - ring of magical power
                                (no ring)
                                (no ring)

@: tree-form (expiring)
A: almost no armour, stealthy swim, (amphibious), 8 rings, (constrict 8),
(camouflage 0), (gelatinous body 0)
a: Renounce Religion


You were on level 1 of the Lair of Beasts.
You worshipped Vehumet.
Vehumet was pleased with you.
You were not hungry.
You were a tree.
You visited 3 branches of the dungeon, and saw 12 of its levels.

You collected 553 gold pieces.
You spent 220 gold pieces at shops.

Inventory:

Hand Weapons
 a - the +12 flail of Sloth (weapon) {drain, *Drain rElec rC+ Dex+4}
   (You found it on level 1 of the Lair of Beasts)

   A truly terrible weapon, it drains the life of those it strikes.
   It affects your dexterity (+4).
   It protects you from cold.
   It insulates you from electricity.
   It causes draining when unequipped.
 f - a +0 dagger of venom
 l - a +1 dagger of protection
Jewellery
 g - a cursed ring of loudness (on tentacle)
 j - a cursed ring of teleportation (on tentacle)
 o - an amulet of magic regeneration (around neck)
 r - a +2 ring of protection (left branch)
 v - a ring of magical power (on tentacle)
 y - a ring of resist corrosion (right branch)
 z - a ring of magical power (on tentacle)
Wands
 n - a wand of confusion (23/48)
 u - a wand of digging (15/24)
 B - a wand of iceblast (6/15)
 C - a wand of random effects (22/48)
Scrolls
 d - 3 scrolls of teleportation
 e - 4 scrolls of amnesia
 m - a scroll of enchant weapon
 E - a scroll of recharging
Potions
 c - a potion of flight
 k - 2 potions of haste
 q - 2 potions of mutation
 s - 2 potions of curing
 t - 2 potions of cancellation
 w - a potion of might
 x - a potion of lignification
 A - a potion of agility
Comestibles
 b - 16 bread rations
 h - 3 royal jellies
 i - 2 meat rations
 p - 7 fruits
 D - 14 chunks of flesh


   Skills:
 + Level 6.2 Fighting
 - Level 6.0 Dodging
 - Level 2.6 Stealth
 * Level 11.9 Spellcasting
 * Level 7.7 Conjurations
 - Level 10.0 Fire Magic


You had 14 spell levels left.
You knew the following spells:

 Your Spells              Type           Power        Failure   Level  Hunger
a - Flame Tongue          Conj/Fire      #####        1%          1    None
b - Throw Flame           Conj/Fire      #####.       1%          2    None
c - Conjure Flame         Conj/Fire      #####...     1%          3    None
d - Inner Flame           Hex/Fire       ####....     2%          3    None
e - Sticky Flame          Conj/Fire      #####...     1%          4    None
f - Fireball              Conj/Fire      #####.....   4%          5    ####...
g - Sting                 Conj/Pois      ####         1%          1    None
h - Sandblast             Erth           ##....       8%          1    None


Dungeon Overview and Level Annotations

Branches:
Dungeon (10/15)            Temple (1/1) D:5            Lair (1/6) D:9
    Orc: D:9-12

Altars:
Ashenzari
Cheibriados
Dithmenos
Elyvilon
Fedhas
Gozag
Hepliaklqana
Kikubaaqudgha
Makhleb
Nemelex Xobeh
Okawaru
Qazlal
Ru
Sif Muna
Trog
Uskayaw
Vehumet
Wu Jian
Xom
Yredelemnul
Zin
The Shining One

Shops:
D:5 =

Portals:
Volcano: Lair:1


Innate Abilities, Weirdness & Mutations

You cannot wear most types of armour.
You are very stealthy in the water. (Stealth+)
((You are amphibious.))
You can wear up to eight rings at the same time.
((You can use your tentacles to constrict eight enemies at once.))
((Your skin changes colour to match your surroundings (Stealth+).))
((Your rubbery body absorbs attacks. (AC +1, EV +1)))


Message History

The hell hound is moderately wounded.
The hell hound bites you but does no damage. x2
You hit the hell hound.
The hell hound is heavily wounded.
The hell hound bites you but does no damage. x2
You miss the hell hound.
The hell hound is heavily wounded.
The hell hound bites you but does no damage.
The hell hound barely misses you.
You barely miss the hell hound.
The hell hound is heavily wounded.
Your transformation is almost over.
The hell hound bites you!
* * * LOW HITPOINT WARNING * * *
The hell hound bites you but does no damage.
You sock the hell hound!
The hell hound is severely wounded.
The hell hound breathes flames at you.
Helpless, you fail to dodge the blast of flame.
You die...

*******.#..##.##.P####..#******,*
,,,,,,,,,***####.## ##.# **,*
*******,** #P.# *..# *,,* * *,*
#..# *#.#####**,* * #.#
##.######.#.#.###.#
#.########.................
#..........#.##.####.#####.
#........######## #.## #.
#.........♣h.## #..# ##. #
#........###..# #.## *.. ####
#........#...##****#.#####.
.#.####.......##..##*P#P##..#.##.
.....>.......##...**.............
.....####....###∩#**...######.###
.....# ##...#*##***.,,* #..#
.....# #....#****,,,,* #.##
.....# #..†...,,,,,,,* #.#


You could see a hell hound.

Vanquished Creatures
  Erica (D:10)
  5 two-headed ogres
  An oklob plant (D:7)
  A cyclops (D:9)
  A black mamba (Lair:1)
  2 centaur zombies
  A gargoyle (D:9)
  A spiny frog (Lair:1)
  A komodo dragon (Lair:1)
  Grinder (D:3)
  2 hippogriffs
  Sigmund (D:4)
  A spriggan (D:7)
  A wraith (D:10)
  7 yaks
  A vampire (D:9)
  2 wyverns (D:9)
  A hungry ghost (D:10)
  2 wargs (D:9)
  Edmund (D:4)
  3 water moccasins
  A porcupine (Lair:1)
  A hell hound (Lair:1)
  6 orc warriors
  2 sky beasts (D:10)
  2 necrophages
  2 phantoms (D:5)
  4 centaurs
  6 ogres
  A crocodile (Lair:1)
  2 big kobolds (D:10)
  2 gnoll sergeants
  12 bullfrogs
  A wyvern skeleton (D:9)
  7 scorpions
  7 killer bees (D:7)
  8 wights
  4 jellies
  A crimson imp (D:7)
  A bullfrog zombie (D:7)
  7 orc priests
  4 hounds
  13 orc wizards
  A centaur skeleton (D:7)
  Jessica (D:2)
  7 worker ants
  Natasha (D:2)
  2 iguanas
  A statue (D:8)
  A hound skeleton (D:10)
  Robin (D:4)
  15 gnolls
  7 adders
  A howler monkey skeleton (D:7)
  2 shadow imps (D:7)
  An ooze (D:5)
  An adder zombie (D:6)
  8 leopard geckos
  38 orcs
  A ball python (D:2)
  8 giant cockroaches
  11 goblins
  8 hobgoblins
  9 jackals
  5 quokkas
  4 bats
  4 frilled lizards
  20 kobolds
  A quokka skeleton (D:4)
  2 rats
  3 plants
295 creatures vanquished.

Vanquished Creatures (others)
  A fungus (Lair:1)
1 creature vanquished.

Grand Total: 296 creatures vanquished

Notes
Turn   | Place    | Note
-------+----------+-------------------------------------------
     0 | D:1      | lightmor the Octopode Fire Elementalist began the quest for the Orb.
     0 | D:1      | Reached XP level 1. HP: 11/11 MP: 3/3
   452 | D:1      | Reached XP level 2. HP: 17/17 MP: 1/5
   602 | D:1      | Learned a level 2 spell: Throw Flame
   796 | D:2      | Reached XP level 3. HP: 16/21 MP: 0/6
  1215 | D:2      | Noticed Natasha
  1314 | D:2      | Killed Natasha
  1369 | D:2      | Reached XP level 4. HP: 27/27 MP: 4/7
  1399 | D:2      | Noticed Jessica
  1403 | D:2      | Killed Jessica
  1741 | D:3      | Noticed Grinder
  1758 | D:3      | Killed Grinder
  1758 | D:3      | Reached skill level 3 in Spellcasting
  1758 | D:3      | Reached XP level 5. HP: 25/31 MP: 1/9
  1758 | D:3      | Reached XP level 6. HP: 29/36 MP: 1/10
  2469 | D:4      | Noticed an orc warrior
  2632 | D:3      | Learned a level 3 spell: Conjure Flame
  2636 | D:3      | Learned a level 3 spell: Inner Flame
  2637 | D:4      | Noticed Robin
  2926 | D:3      | Killed an orc warrior
  2926 | D:3      | Reached XP level 7. HP: 8/41 MP: 3/12
  3184 | D:4      | Noticed Sigmund
  3189 | D:3      | Reached skill level 5 in Fire Magic
  3407 | D:4      | Reached skill level 4 in Spellcasting
  3411 | D:4      | Noticed Edmund
  3477 | D:4      | Killed Edmund
  3477 | D:4      | Reached skill level 5 in Conjurations
  3642 | D:4      | Learned a level 4 spell: Sticky Flame
  3912 | D:4      | Reached skill level 1 in Fighting
  4080 | D:4      | Killed Sigmund
  4080 | D:4      | Reached XP level 8. HP: 34/51 MP: 6/15
  4090 | D:4      | Killed Robin
  4346 | D:5      | Entered Level 5 of the Dungeon
  4423 | D:5      | Found a staircase to the Ecumenical Temple.
  4430 | Temple   | Entered the Ecumenical Temple
  4548 | D:5      | Reached skill level 5 in Spellcasting
  4601 | D:5      | Found Hutaoss's Jewellery Emporium.
  5487 | D:5      | Learned a level 5 spell: Fireball
  5493 | D:5      | Reached skill level 6 in Spellcasting
  5923 | D:6      | Reached skill level 5 in Fighting
  6457 | D:6      | Reached XP level 9. HP: 61/61 MP: 7/18
  6687 | D:6      | Found a shimmering altar of Xom.
  6840 | D:6      | Found a burning altar of Makhleb.
  6883 | D:6      | Found a white marble altar of Elyvilon.
  7074 | D:6      | Reached skill level 7 in Spellcasting
  7239 | D:7      | Found a shimmering altar of Xom.
  7262 | D:7      | Noticed an oklob plant
  7439 | D:7      | You fall through a shaft for 3 floors!
  7439 | D:10     | Entered Level 10 of the Dungeon
  7705 | D:10     | Noticed Erica
  7718 | D:10     | Killed Erica
  7718 | D:10     | Reached skill level 8 in Spellcasting
  7879 | D:10     | Reached XP level 10. HP: 60/66 MP: 5/22
  8182 | D:10     | Noticed a two-headed ogre
  8310 | D:9      | Found a staircase to the Lair.
  8319 | D:9      | Reached skill level 9 in Spellcasting
  8328 | D:9      | Noticed a cyclops
  8329 | D:9      | Noticed a gargoyle
  9023 | D:5      | Bought an uncursed ring of magical power for 220 gold pieces
  9876 | D:7      | Killed an oklob plant
  9876 | D:7      | Reached skill level 10 in Spellcasting
  9988 | D:8      | Noticed a two-headed ogre
 10017 | D:7      | Killed a two-headed ogre
 10017 | D:7      | Reached XP level 11. HP: 46/69 MP: 18/25
 10199 | D:8      | Noticed a two-headed ogre
 10213 | D:8      | Killed a two-headed ogre
 10270 | D:8      | Found an ancient bone altar of Kikubaaqudgha.
 10273 | D:8      | Found a hazy altar of Hepliaklqana.
 10390 | D:8      | Found a radiant altar of Vehumet.
 10629 | D:8      | Became a worshipper of Vehumet
 10915 | D:8      | Found a glowing golden altar of the Shining One.
 10917 | D:8      | Found an iron altar of Okawaru.
 11305 | D:9      | Noticed a two-headed ogre
 11497 | D:9      | Killed a two-headed ogre
 11497 | D:9      | Reached skill level 11 in Spellcasting
 11497 | D:9      | Reached skill level 10 in Fire Magic
 11691 | D:9      | Reached * piety under Vehumet
 11691 | D:9      | Offered knowledge of Sting by Vehumet.
 11851 | D:9      | Killed a cyclops
 12223 | D:9      | Noticed a two-headed ogre
 12234 | D:9      | Killed a two-headed ogre
 12409 | D:10     | Killed a two-headed ogre
 12602 | D:10     | Reached XP level 12. HP: 67/76 MP: 27/27
 13076 | Lair:1   | Entered Level 1 of the Lair of Beasts
 13153 | Lair:1   | Learned a level 1 spell: Sting
 13163 | Lair:1   | Found a dark tunnel.
 13179 | Lair:1   | Got an ancient flail
 13185 | Lair:1   | Identified the +12 flail of Sloth {drain, *Drain rElec rC+ Dex+4} (You found it on level 1 of the Lair of Beasts)
 13331 | Lair:1   | Offered knowledge of Sandblast by Vehumet.
 13334 | Lair:1   | Learned a level 1 spell: Sandblast
 13398 | Lair:1   | Reached ** piety under Vehumet
 13461 | Lair:1   | Killed from afar by a hell hound

Vault maps used:
D:1:      matt_arrival_refuge, minmay_misc_feat_diagonals
D:2:      minmay_tromino_v7, uniq_natasha, uniq_jessica
D:3:      first_bread, uniq_grinder
D:4:      hangedman_abyss_or_decor_lesser_grid, uniq_sigmund, uniq_robin,
          uniq_edmund
D:5:      minmay_temple_entry_glass, serial_shops, nicolae_shop_waterfront
D:6:      kennysheep_little_box, hangedman_feature_mirror
D:7:      the_bakery, lemuel_oklob_altar
D:8:      vehumet_statue, nicolae_overflow_hidden_temple
D:9:      erik_lair_orcish_takeover
D:10:     minivault_1, uniq_erica
Temple:   nicolae_temple_x_marks_the_god
Lair:1:   enter_volcano_3, serial_bayou_ford_a, lemuel_fruit_fields

Skill      XL: |  1  2  3  4  5  6  7  8  9 10 11 12 |
---------------+-------------------------------------+-----
Conjurations   | 2 3 4 5 6 7 |  7.7
Spellcasting   | 3 4 6 8 10 11 | 11.9
Fire Magic     | 4 5 8 10 | 10.0
Fighting       | 2 5 6 |  6.2
Dodging        | 6 |  6.0
Stealth        | |  2.6

Action                   |  1- 3 |  4- 6 |  7- 9 | 10-12 || total
-------------------------+-------+-------+-------+-------++-------
Melee: Unarmed           |    12 |       |       |       ||    12
       Constrict         |     7 |     9 |    17 |     9 ||    42
       Tentacles         |     6 |     7 |    15 |    13 ||    41
       Short sword       |     9 |       |       |       ||     9
       Dagger            |    11 |    32 |    68 |    46 ||   157
       Flail             |       |       |       |    21 ||    21
 Cast: Flame Tongue      |    27 |    52 |   101 |   154 ||   334
       Throw Flame       |     2 |     5 |   117 |   134 ||   258
       Conjure Flame     |       |     2 |     9 |    42 ||    53
       Sticky Flame      |       |       |    12 |    22 ||    34
       Inner Flame       |       |       |     8 |    23 ||    31
       Fireball          |       |       |       |    53 ||    53
       Sting             |       |       |       |     2 ||     2
Evoke: Wand              |       |       |       |     1 ||     1
  Use: Scroll            |     3 |     2 |    12 |    12 ||    29
       Potion            |       |       |     1 |     6 ||     7
 Stab: Sleeping          |     3 |     8 |       |       ||    11
  Eat: Chunk             |     2 |     5 |    18 |    19 ||    44
       Meat ration       |       |       |       |     2 ||     2
       Royal jelly       |       |       |       |     1 ||     1
Armor: Skin              |     5 |    16 |    15 |    35 ||    71
Dodge: Dodged            |    24 |    37 |    84 |   110 ||   255
